 Dungeon Crawl Stone Soup version 0.21.1-1-g345015f (webtiles) character file.

36692 Hebeh the Cleaver (level 13, -5/118 HPs)
             Began as a Deep Dwarf Fighter on June 14, 2018.
             Was a High Priest of Makhleb.
             Slain by an elephant (8 damage)
             ... on level 5 of the Lair of Beasts on June 15, 2018.
             The game lasted 03:11:15 (16445 turns).

Hebeh the Cleaver (Deep Dwarf Fighter)             Turns: 16445, Time: 03:11:15

Health: -5/118     AC: 25    Str: 26    XL:     13   Next: 54%
Magic:  6/6        EV:  4    Int: 11    God:    Makhleb [*****.]
Gold:   670        SH:  0    Dex: 12    Spells: 12/12 levels left

rFire    . . .     SeeInvis .   V - +0 war axe of Nuisykh {holy, rN+ MR- Str+3}
rCold    + . .     Gourm    .   o - +0 shield
rNeg     + . .     Faith    .   g - +0 chain mail {rC+}
rPois    .         Spirit   .   h - +0 helmet
rElec    .         Reflect  +   U - +2 cloak
rCorr    .         Harm     .   z - +0 pair of gloves
MR       .....                  D - +2 pair of boots
Stlth    +.........             P - +4 amulet of reflection
HPRegen  0.00/turn              C - +4 ring of protection
MPRegen  0.10/turn              (no ring)

@: about to teleport, petrifying, non-regenerating, very slow
A: damage resistance, heal wounds, sense surroundings 2, no regeneration
a: Heal Wounds, Minor Destruction, Lesser Servant of Makhleb, Major Destruction,
Greater Servant of Makhleb, Renounce Religion


You were on level 5 of the Lair of Beasts.
You worshipped Makhleb.
Makhleb was extremely pleased with you.
You were not hungry.

You visited 3 branches of the dungeon, and saw 18 of its levels.

You collected 962 gold pieces.
You spent 292 gold pieces at shops.

Inventory:

Hand Weapons
 R - a +4 demon trident of freezing
 V - the +0 war axe of Nuisykh (weapon) {holy, rN+ MR- Str+3}
   (You found it on level 9 of the Dungeon)

   It has been blessed by the Shining One to cause great damage to the undead
   and demons.
   It affects your strength (+3).
   It protects you from negative energy.
   It affects your resistance to hostile enchantments.
Armour
 g - a +0 chain mail of cold resistance (worn)
 h - a +0 helmet (worn)
 o - a +0 shield (worn)
 z - a +0 pair of gloves (worn)
 D - a +2 pair of boots (worn)
 F - a +1 scale mail of fire resistance
 U - a +2 cloak (worn)
Jewellery
 q - the ring "Juzerov" {Fire -Tele +Fly rPois Int+2}
   (You found it on level 9 of the Dungeon)

   [ring of fire]

   It enhances your fire magic.
   It affects your intelligence (+2).
   It protects you from fire.
   It makes you vulnerable to cold.
   It protects you from poison.
   It lets you fly.
   It prevents most forms of teleportation.
 s - an uncursed ring of poison resistance
 y - an uncursed ring of resist corrosion
 C - a +4 ring of protection (left hand)
 P - a +4 amulet of reflection (around neck)
Wands
 a - a wand of disintegration (9)
 b - a wand of paralysis (4)
 d - a wand of acid (8)
 L - a wand of flame (11)
 N - a wand of digging (20)
 W - a wand of polymorph (29)
 Z - a wand of iceblast (9)
Scrolls
 e - 3 scrolls of fog
 i - 3 scrolls of magic mapping
 w - a scroll of silence
 A - 8 scrolls of teleportation
 B - 9 scrolls of remove curse
 E - 4 scrolls of fear
 H - a scroll of amnesia
 J - a scroll of enchant weapon
 O - 5 scrolls of blinking
Potions
 c - 3 potions of brilliance
 j - a potion of invisibility {unknown}
 l - 5 potions of lignification
 m - 2 potions of berserk rage {unknown}
 n - 7 potions of curing
 p - 6 potions of flight
 r - 3 potions of agility {unknown}
 t - 2 potions of magic {unknown}
 u - a potion of cancellation {unknown}
 G - 2 potions of heal wounds
 I - a potion of haste {unknown}
 K - 2 potions of ambrosia {unknown}
 Q - 2 potions of mutation {unknown}
 T - 4 potions of might
Books
 k - a book of Conjurations

   Spells                             Type                      Level
   a - Magic Dart                     Conjuration                  1
   b - Searing Ray                    Conjuration                  2
   c - Dazzling Spray                 Conjuration/Hexes            3
   d - Fulminant Prism                Conjuration/Hexes            4
   e - Force Lance                    Conjuration/Translocation    4
   f - Iskenderun's Mystic Blast      Conjuration                  4
 v - a book of Summonings

   Spells                             Type                      Level
   a - Recall                         Summoning/Translocation      3
   b - Aura of Abjuration             Summoning                    5
   c - Summon Demon                   Summoning                    5
   d - Summon Forest                  Summoning/Translocation      5
   e - Summon Mana Viper              Hexes/Summoning              5
   f - Shadow Creatures               Summoning                    6
 X - a book of Party Tricks

   Spells                             Type                      Level
   a - Summon Butterflies             Summoning                    1
   b - Apportation                    Translocation                1
   c - Lesser Beckoning               Translocation                3
   d - Tukima's Dance                 Hexes                        3
   e - Alistair's Intoxication        Transmutation/Poison         5
   f - Invisibility                   Hexes                        6
Comestibles
 f - 30 rations


   Skills:
 + Level 8.6 Fighting
 - Level 13.4(13.5) Axes
 * Level 1.3(7.6) Polearms
 + Level 10.3 Armour
 - Level 9.2 Stealth
 + Level 10.3 Shields
 + Level 9.2 Invocations
 - Level 10.7 Evocations


You had 12 spell levels left.
You didn't know any spells.

Dungeon Overview and Level Annotations

Branches:
Dungeon (12/15)            Temple (1/1) D:6            Lair (5/6) D:11
 Shoals (0/4) Lair:2       Spider (0/4) Lair:4          Orc (0/2) D:9
  Slime: Lair:5-6

Altars:
Ashenzari
Dithmenos
Elyvilon
Fedhas
Gozag
Hepliaklqana
Kikubaaqudgha
Makhleb
Nemelex Xobeh
Okawaru
Qazlal
Ru
Sif Muna
Trog
Uskayaw
Vehumet
Wu Jian
Xom
Yredelemnul
Zin
The Shining One
Beogh

Shops:
D:5 ?   D:7 [   D:11 !

Annotations:
D:6 1 runed door
D:8 exclusion: statue


Innate Abilities, Weirdness & Mutations

You are resistant to damage.
You can heal yourself by infusing magical energy.
You passively map the area around you.
You do not regenerate.


Message History

The elephant tramples you!
* * * LOW HITPOINT WARNING * * *
You hold your ground!
The elephant trunk-slaps you but does no damage.
You turn to flesh and can move again.
You remove the ring "Juzerov" {Fire -Tele +Fly rPois Int+2}.
You are engulfed in calcifying dust.
You are slowing down.
The catoblepas gores you but does no damage.
As you read the scroll of teleportation, it crumbles to dust.
You feel strangely unstable.
You are engulfed in calcifying dust.
The dire elephant completely misses you.
The dire elephant trunk-slaps you but does no damage.
The elephant tramples you.
You hold your ground!
The elephant trunk-slaps you but does no damage.
The catoblepas gores you but does no damage.
The dire elephant tramples you but does no damage.
The dire elephant trunk-slaps you but does no damage.
The elephant tramples you!
You die...

♣P...≈≈≈≈≈≈≈≈.....P♣
#..
♣♣....≈≈≈≈≈≈≈≈.....♣♣
#..
♣......≈≈≈≈≈≈....P.♣
#..
♣P......≈≈≈≈≈....♣♣♣
##..
♣♣.....P≈≈≈≈≈P...P♣
#P..
♣.....≈≈≈≈≈PP...♣♣♣
###...
♣....≈≈≈≈≈≈≈≈≈♣♣♣
#....<
♣...≈≈≈≈≈♣♣♣♣♣♣♣♣♣♣
#P....
♣P..≈≈≈≈≈♣♣≈≈♣♣♣@Y♣♣♣♣
#P....
♣...≈≈≈≈≈≈P≈≈P≈≈YY≈≈≈♣♣
##....÷
♣♣...≈≈≈≈≈≈≈≈≈≈≈≈≈≈≈≈≈♣
♣♣#......
♣♣♣.P≈≈≈≈♣♣≈≈♣≈≈≈≈≈≈≈♣
♣....P...
##♣♣♣♣♣♣♣##♣#♣♣♣♣≈≈♣
♣..##.... ##'#
♣..#..P.. * * * *
*≈≈#♣♣....#..# ≈ ≈ ≈ ≈
Y≈≈#♣....<.### * ≈ * ≈
≈≈≈≈#♣♣...### #


You could see a dire elephant, a catoblepas and an elephant.

Vanquished Creatures
  Rupert (Lair:3)
  Gastronok (Lair:2)
  4 hydras
  2 two-headed ogres (D:7)
  A queen ant (Lair:2)
  Sonja (D:10)
  Urug (Lair:2)
  An unseen horror (D:11)
  Pikel (D:8)
  2 oklob plants
  An ugly thing (D:9)
  13 elephants
  A black mamba (Lair:5)
  4 spiny frogs
  A kobold demonologist (D:11)
  The ghost of Mahadev the Conjurer, a novice DgCj (D:6)
  4 rime drakes (Lair:5)
  A demonic crawler (Lair:4)
  15 blink frogs
  5 dream sheep (Lair:4)
  4 hippogriffs
  A vampire (D:9)
  10 yaks
  Sigmund (D:2)
  3 basilisks
  2 wyverns
  A wraith (D:11)
  2 hungry ghosts (D:9)
  Grum (D:8)
  Menkaure (D:5)
  6 soldier ants
  6 water moccasins
  8 porcupines
  9 orc warriors
  3 ice beasts
  4 slaves (D:8)
  2 sky beasts
  A black bear (Lair:4)
  3 phantoms
  5 ogres
  A necrophage (D:10)
  11 wolves
  7 centaurs
  7 crocodiles
  A big kobold (D:8)
  Blork the orc (D:5)
  11 bullfrogs
  A wyvern zombie (D:10)
  2 troll zombies (D:9)
  4 killer bees (D:8)
  A water moccasin skeleton (D:6)
  4 scorpions
  4 wights (D:9)
  An electric eel (Lair:2)
  4 howler monkeys
  2 crimson imps
  A bullfrog zombie (D:10)
  5 hounds
  5 jellies
  2 centaur skeletons
  6 orc priests
  14 orc wizards
  A bullfrog skeleton (D:10)
  A gnoll shaman (D:6)
  2 iguanas
  19 worker ants
  4 ogre zombies (D:9)
  A hound zombie (D:5)
  19 gnolls
  A howler monkey skeleton (D:5)
  15 adders
  A shadow imp (D:8)
  An ooze (D:2)
  6 worms
  3 dart slugs
  7 leopard geckos
  68 orcs
  A ball python (D:2)
  6 bats
  6 giant cockroaches
  7 goblins
  3 hobgoblins
  17 jackals
  2 quokkas
  6 frilled lizards
  2 goblin skeletons (D:9)
  A hobgoblin skeleton (D:9)
  2 hobgoblin zombies (D:9)
  15 kobolds
  3 orc skeletons (D:9)
  11 orc zombies (D:9)
  11 rats
  2 butterflies
  3 fungi
  11 plants
487 creatures vanquished.

Vanquished Creatures (others)
  2 fungi
  2 plants
  9 toadstools (Lair:5)
13 creatures vanquished.

Grand Total: 500 creatures vanquished

Notes
Turn   | Place    | Note
-------+----------+-------------------------------------------
     0 | D:1      | Hebeh the Deep Dwarf Fighter began the quest for the Orb.
     0 | D:1      | Reached XP level 1. HP: 20/20 MP: 1/1
   137 | D:1      | Reached XP level 2. HP: 21/27 MP: 2/2
   425 | D:1      | Reached skill level 1 in Stealth
   535 | D:1      | Reached XP level 3. HP: 19/33 MP: 3/3
   859 | D:2      | Reached skill level 3 in Axes
  1056 | D:2      | Found a shimmering altar of Xom.
  1192 | D:2      | Reached XP level 4. HP: 24/42 MP: 4/4
  1400 | D:2      | Found an iron altar of Okawaru.
  1401 | D:2      | Found a hide-covered altar of Uskayaw.
  1401 | D:2      | Found a bloodstained altar of Trog.
  1586 | D:2      | Noticed Sigmund
  1607 | D:2      | Killed Sigmund
  1607 | D:2      | Reached skill level 4 in Axes
  1607 | D:2      | Reached XP level 5. HP: 35/49 MP: 5/5
  1891 | D:3      | Reached XP level 6. HP: 35/56 MP: 6/6
  2752 | D:4      | Found an opulent altar of Gozag.
  2807 | D:4      | Reached skill level 5 in Axes
  2880 | D:5      | Entered Level 5 of the Dungeon
  2889 | D:4      | Reached XP level 7. HP: 38/63 MP: 7/7
  2939 | D:4      | Reached skill level 1 in Evocations
  3007 | D:4      | Found a shadowy altar of Dithmenos.
  3131 | D:4      | Found a blossoming altar of Fedhas.
  3145 | D:5      | Noticed Menkaure
  3154 | D:5      | Killed Menkaure
  3519 | D:5      | Found Peiwn's Magic Scroll Boutique.
  3543 | D:5      | Reached skill level 5 in Armour
  3621 | D:5      | Bought a scroll of magic mapping for 52 gold pieces
  3621 | D:5      | Bought 2 scrolls of identify for 60 gold pieces
  3621 | D:5      | Bought a scroll of remove curse for 45 gold pieces
  3621 | D:5      | Bought a scroll of identify for 30 gold pieces
  3621 | D:5      | Bought a scroll of identify for 30 gold pieces
  3839 | D:5      | Reached skill level 6 in Axes
  3839 | D:5      | Reached skill level 5 in Shields
  3848 | D:5      | Found a runed door.
  3888 | D:5      | Reached XP level 8. HP: 51/72 MP: 6/6
  3924 | D:5      | Noticed Blork the orc
  3949 | D:5      | Killed Blork the orc
  4109 | D:5      | Reached skill level 5 in Stealth
  4463 | D:5      | Reached skill level 7 in Axes
  4491 | D:5      | Found a roughly hewn altar of Beogh.
  4695 | D:6      | Found a runed door.
  4708 | D:6      | Found a runed door.
  4781 | D:6      | Gained mutation: You passively map the area around you. [Deep Dwarf growth]
  4781 | D:6      | Reached XP level 9. HP: 54/80 MP: 7/7
  4820 | D:6      | Noticed Mahadev's ghost (novice DgCj)
  4843 | D:6      | Killed Mahadev's ghost
  4843 | D:6      | Reached skill level 5 in Fighting
  4922 | D:6      | Found a staircase to the Ecumenical Temple.
  4938 | Temple   | Entered the Ecumenical Temple
  4971 | Temple   | Became a worshipper of Makhleb the Destroyer
  5095 | D:6      | Reached skill level 8 in Axes
  5216 | D:7      | Found a bloodstained altar of Trog.
  5269 | D:6      | Found a shattered altar of Ashenzari.
  5452 | D:7      | Reached skill level 5 in Evocations
  5717 | D:7      | Found Zadd's Antique Armour Shop.
  5838 | D:7      | Noticed a two-headed ogre
  5920 | D:8      | Noticed Pikel
  5945 | D:8      | Reached * piety under Makhleb
  5950 | D:8      | Killed Pikel
  6079 | D:8      | Noticed Grum
  6131 | D:8      | Reached skill level 9 in Axes
  6131 | D:8      | Reached XP level 10. HP: 59/91 MP: 6/6
  6132 | D:8      | Reached skill level 1 in Invocations
  6158 | D:8      | Killed Grum
  6270 | D:9      | Got a crude steel ring
  6277 | D:8      | Identified the ring "Juzerov" {Fire -Tele +Fly rPois Int+2} (You found it on level 9 of the Dungeon)
  6397 | D:9      | Found an iron altar of Okawaru.
  6411 | D:8      | Found a radiant altar of Vehumet.
  6643 | D:8      | Found a glowing golden altar of the Shining One.
  6644 | D:8      | Noticed a two-headed ogre
  6659 | D:7      | Killed a two-headed ogre
  6798 | D:7      | Killed a two-headed ogre
  6866 | D:7      | Reached ** piety under Makhleb
  7384 | D:9      | Got a fine war axe
  7385 | D:9      | Identified the +0 war axe of Nuisykh {holy, rN+ MR- Str+3} (You found it on level 9 of the Dungeon)
  7417 | D:10     | Entered Level 10 of the Dungeon
  7519 | D:9      | Noticed a red ugly thing
  7528 | D:9      | Reached skill level 10 in Axes
  7536 | D:9      | Killed a red ugly thing
  7626 | D:9      | Found a staircase to the Orcish Mines.
  7662 | D:9      | Reached *** piety under Makhleb
  7666 | D:9      | Reached XP level 11. HP: 99/99 MP: 6/6
  7751 | D:9      | Found a bloodstained altar of Trog.
  7886 | D:9      | Found a bloodstained altar of Trog.
  8496 | D:10     | Noticed Sonja
  8503 | D:10     | Paralysed by Sonja for 7 turns
  8831 | D:10     | Killed Sonja
  8877 | D:11     | Reached **** piety under Makhleb
  8963 | D:11     | Noticed a soul eater
  8972 | D:11     | Reached skill level 5 in Invocations
  8990 | D:11     | Found Siashrof's Distillery.
  9009 | D:11     | Bought a potion of heal wounds for 75 gold pieces
  9083 | D:11     | Found an opulent altar of Gozag.
  9127 | D:11     | Noticed an oklob plant
  9411 | D:11     | Noticed an unseen horror
  9425 | D:11     | Killed an unseen horror
  9519 | D:11     | Found a staircase to the Lair.
  9633 | D:11     | Killed an oklob plant
  9709 | Lair:1   | Entered Level 1 of the Lair of Beasts
  9873 | Lair:1   | Reached skill level 11 in Axes
  9998 | Lair:2   | Noticed Urug
 10710 | Lair:2   | Noticed a queen ant
 10757 | Lair:2   | Killed a queen ant
 10997 | Lair:2   | Reached XP level 12. HP: 98/109 MP: 7/7
 11187 | Lair:2   | Killed Urug
 11444 | Lair:2   | Found a staircase to the Shoals.
 11491 | Lair:2   | Noticed Gastronok
 11524 | Lair:2   | Killed Gastronok
 12024 | Lair:2   | Reached skill level 12 in Axes
 12710 | Lair:3   | Noticed an eight-headed hydra
 12720 | Lair:3   | Killed an eight-headed hydra
 12742 | Lair:3   | Reached ***** piety under Makhleb
 12964 | Lair:3   | Noticed Rupert
 13026 | Lair:3   | Killed Rupert
 13026 | Lair:3   | Reached skill level 10 in Evocations
 13545 | Lair:4   | Reached XP level 13. HP: 111/117 MP: 8/8
 13605 | Lair:4   | Found a hole to the Spider Nest.
 13701 | Lair:4   | Reached skill level 13 in Axes
 13706 | Lair:4   | Reached skill level 10 in Shields
 13712 | Lair:4   | Reached skill level 10 in Armour
 14547 | Lair:5   | Found an opulent altar of Gozag.
 15145 | Lair:3   | Got a bronze ring mail
 15156 | Lair:3   | Identified the +3 ring mail "Giviuhy" {SInv} (You found it on level 3 of the Lair of Beasts)
 15980 | Lair:5   | Reached skill level 1 in Polearms
 16119 | Lair:5   | Found a runed door.
 16340 | Lair:5   | Noticed a dire elephant
 16443 | Lair:5   | HP: 3/118 [elephant (5)]
 16445 | Lair:5   | Slain by an elephant

Skill      XL: |  1  2  3  4  5  6  7  8  9 10 11 12 13 |
---------------+----------------------------------------+-----
Stealth        | 1 2 3 4 6 7 8 9 |  9.2
Axes           | 3 4 5 6 7 9 10 11 12 13 | 13.4
Fighting       | 3 4 5 6 7 8 |  8.6
Armour         | 4 5 6 7 8 9 10 | 10.3
Shields        | 4 5 6 7 8 9 10 | 10.3
Evocations     | 2 4 5 7 8 10 | 10.7
Invocations    | 4 6 8 9 |  9.2
Polearms       | 1 |  1.3

Action                   |  1- 3 |  4- 6 |  7- 9 | 10-12 | 13-15 || total
-------------------------+-------+-------+-------+-------+-------++-------
Melee: War axe           |   132 |   184 |   473 |   997 |   294 ||  2080
       Demon trident     |       |       |       |    41 |    27 ||    68
 Abil: Heal Wounds       |     1 |     5 |    29 |    45 |    10 ||    90
Evoke: Wand              |       |       |       |     7 |       ||     7
  Use: Scroll            |       |     3 |     3 |    23 |     4 ||    33
       Potion            |       |       |     1 |     4 |     2 ||     7
 Stab: Sleeping          |       |       |     1 |    16 |       ||    17
       Distracted        |       |       |       |     1 |     1 ||     2
  Eat: Chunk             |     1 |     6 |     8 |    18 |     5 ||    38
       Ration            |       |       |     1 |     3 |     2 ||     6
Armor: Scale mail        |    67 |    90 |   279 |   377 |   118 ||   931
       Chain mail        |       |       |       |       |   196 ||   196
Dodge: Dodged            |    47 |    71 |   228 |   232 |   121 ||   699
Block: Shield            |    88 |   115 |   374 |   800 |   355 ||  1732
       Reflection        |       |       |       |     9 |     4 ||    13
